 Dungeon Crawl Stone Soup version 0.16-a0-3841-g2612308 (webtiles) character file.

61 HungrySamMD the Cudgeler (level 4, 0/33 HPs)
             Began as a Formicid Skald on Jan 30, 2015.
             Slain by an adder (3 damage)
             ... on level 2 of the Dungeon.
             The game lasted 00:03:56 (1817 turns).

HungrySamMD the Cudgeler (Formicid Skald)           Turns: 1817, Time: 00:03:58

Health: 0/33       AC:  5    Str: 18    XL:     4   Next: 27%
Magic:  8/8        EV: 10    Int: 11    God:
Gold:   53         SH:  0    Dex: 10    Spells: 3 memorised, 1 level left

rFire  . . .     SeeInvis +     a - +0 mace
rCold  . . .     Clarity  .     n - +0 ring mail
rNeg   . . .     SustAb   .     (no shield)
rPois  .         Gourm    .     (helmet unavailable)
rElec  .         Spirit   .     (no cloak)
rCorr  .         Warding  .     (no gloves)
rMut   .         Stasis   +     (no boots)
MR     .....                    (no amulet)
Stlth  ..........               (no ring)
                                (no ring)

@: lethally poisoned, not resistant to hostile enchantments, extremely
unstealthy
A: permanent stasis, dig shafts and tunnels, four strong arms, antennae 3
a: Dig, Shaft Self


You were on level 2 of the Dungeon.
You were not hungry.

You visited 1 branch of the dungeon, and saw 2 of its levels.

You collected 53 gold pieces.

Inventory:

Hand weapons
 a - a +0 mace (weapon)
 e - a +2 dagger of draining
 j - a +2 spear of venom
Armour
 b - a +0 leather armour
 n - a +0 ring mail (worn)
Scrolls
 i - a scroll of fear
 k - a scroll of magic mapping
 m - a scroll of enchant weapon {unknown}
Potions
 f - a potion of magic
 g - a potion of flight {unknown}
 h - a potion of ambrosia {unknown}
Books
 c - a book of Battle

   Spells                             Type                      Level
   a - Infusion                       Charms                       1
   b - Shroud of Golubria             Charms/Translocation         2
   c - Song of Slaying                Charms                       2
   d - Spectral Weapon                Hexes/Charms                 3
   e - Regeneration                   Charms/Necromancy            3
Comestibles
 d - 2 bread rations
 l - a meat ration


   Skills:
 - Level 2.1 Fighting
 * Level 4.2 Maces & Flails
 - Level 1.1 Armour
 - Level 0.8 Dodging
 - Level 2.1 Spellcasting
 - Level 3.0 Charms


You had one spell level left.
You knew the following spells:

 Your Spells              Type           Power        Failure   Level  Hunger
a - Infusion              Chrm           #.....       17%         1    ##.....
b - Song of Slaying       Chrm           #.......     24%         2    ###....
c - Regeneration          Chrm/Necr      #.........   82%         3    ####...


Dungeon Overview and Level Annotations

Branches:
Dungeon (2/15)

Altars:
Ashenzari


Innate Abilities, Weirdness & Mutations

You are under a permanent stasis effect.
You can dig through walls and to a lower floor.
Your four strong arms can wield two-handed weapons with a shield.
You have a pair of large antennae on your head (SInv).


Message History

You feel sick. The adder bites you. The adder bites you.
* * * LOW HITPOINT WARNING * * *
You are too injured to fight recklessly!
You are too injured to fight recklessly!
You are too injured to fight recklessly!
You are too injured to fight recklessly!
You are too injured to fight recklessly!
You closely miss the adder.
The adder is almost dead.
The adder barely misses you. The adder closely misses you.
You closely miss the adder.
The adder is almost dead.
You feel sick. The adder bites you but does no damage.
You closely miss the adder.
The adder is almost dead.
The adder bites you.
* * * LOW HITPOINT WARNING * * *
You are lethally poisoned!
The adder poisons you! The adder bites you.
You die...

,,,,,,,,,######.#######)# ##...
,,,,,,,,,,,,,...# #.#####....
,,,,,,,,,***##..# #..........
,,,,,,,..##* #..## ####.......
,,,,,,,,...#*#...#########.......
,,,,,,,,,#>.##......##...........
,,,,,,,,,*#..#...##......#.......
,,,,,,,,,**#..)..#......<..#.....
,,,,,,,,** #....@...######.......
*,>,,,,** #..(..S#######..#.#...
******** #..........##..#..#...
##....####.....#.##...
##...###...>....##...
#...##..##..........
###.#..###....###### #...##
#...#####.. #.### #.......#.#


You could see an adder.

Vanquished Creatures
  An adder (D:2)
  2 giant geckos
  4 oozes
  5 bats
  A giant cockroach (D:1)
  6 hobgoblins
  7 kobolds
  5 giant newts
  6 goblins
  14 rats
51 creatures vanquished.

Notes
Turn   | Place    | Note
--------------------------------------------------------------
     0 | D:1      | HungrySamMD, the Formicid Skald, began the quest for the Orb.
     0 | D:1      | Reached XP level 1. HP: 16/16 MP: 3/3
    97 | D:1      | Reached XP level 2. HP: 9/22 MP: 5/5
   466 | D:1      | Found a shattered altar of Ashenzari.
   487 | D:1      | Reached XP level 3. HP: 4/27 MP: 7/7
  1197 | D:2      | Learned a level 2 spell: Song of Slaying
  1201 | D:2      | Learned a level 3 spell: Regeneration
  1282 | D:2      | Reached skill level 4 in Maces & Flails
  1282 | D:2      | Reached XP level 4. HP: 24/33 MP: 8/8
  1817 | D:2      | Slain by an adder

Action                   |  1- 3 |  4- 6 || total
-------------------------+-------+-------++-------
Melee: Mace              |   161 |    52 ||   213
  Use: Scroll            |     5 |       ||     5
  Eat: Chunk             |     1 |     2 ||     3
